 Seeded DCSS version 0.28-a0-1638-g9123634e07 (webtiles) character file.

Game seed: 20211226 (custom seed)

156 muata the Skirmisher (level 5, -5/49 HPs)
             Began as a Minotaur Berserker on Jan 25, 2022.
             Was a Believer of Trog.
             Slain by an orc (6 damage)
             ... on level 4 of the Dungeon.
             The game lasted 00:03:23 (3426 turns).

muata the Skirmisher (Minotaur Berserker)           Turns: 3426, Time: 00:03:25

Health: -5/49      AC:  8    Str: 24    XL:     5   Next: 15%
Magic:  4/4        EV:  8    Int:  4    God:    Trog [**....]
Gold:   125        SH:  0    Dex:  9    Spells: 4/4 levels left

rFire   . . .      SeeInvis .   a - +0 hand axe
rCold   . . .      Faith    .   (no shield)
rNeg    . . .      Spirit   .   e - +0 chain mail
rPois   .          Reflect  .   (helmet restricted)
rElec   .          Harm     .   (no cloak)
rCorr   .          Rampage  .   (no gloves)
Will    .....                   (no boots)
Stlth   ..........              (no amulet)
HPRegen 0.16/turn               (no ring)
MPRegen 0.09/turn               (no ring)

@: no status effects
A: horns 2, retaliatory headbutt
a: Renounce Religion, Berserk, Trog's Hand


You were on level 4 of the Dungeon.
You worshipped Trog.
Trog was pleased with you.
You visited 1 branch of the dungeon, and saw 4 of its levels.

You collected 125 gold pieces.

Inventory:

Hand Weapons
 a - a +0 hand axe (weapon)
Missiles
 m - 3 javelins (quivered)
Armour
 b - a +0 animal skin
 e - a +0 chain mail (worn)
 h - a +2 pair of gloves
Scrolls
 c - a scroll of blinking {unknown}
 g - 2 scrolls of identify {unknown}
 i - a scroll of acquirement {unknown}
 j - a scroll of enchant armour {unknown}
Potions
 d - a potion of flight {unknown}
 f - a potion of berserk rage {unknown}
 k - a potion of curing {unknown}
 l - 2 potions of lignification {unknown}


   Skills:
 + Level 5.6 Fighting
 + Level 5.6 Axes
 - Level 2.4 Armour
 - Level 2.1 Dodging


You had 4 spell levels left.
You didn't know any spells.
Your spell library was empty.

Dungeon Overview and Level Annotations

Branches:
Dungeon (4/15)
 Temple: D:4-7

Altars:
Hepliaklqana
Zin


Innate Abilities, Weirdness & Mutations

You have a pair of horns on your head.
You reflexively headbutt those who attack you in melee.


Message History

You closely miss the orc. The iguana barely misses you.
The orc hits you but does no damage.
You hit the iguana.
You kill the iguana!
Trog accepts your kill.
You hit the orc. The dart slug launches a dart at you. The slug dart hits you.
The orc closely misses you.
You have reached level 5!
The dart slug bites you but does no damage.
You hit the dart slug but do no damage. You hit the orc.
An orc comes into view. It is wielding a +0 war axe.
The orc barely misses you. The dart slug closely misses you.
You hit the dart slug. You headbutt the dart slug.
You kill the dart slug!
Trog accepts your kill.
You hit the orc.
You kill the orc!
Trog accepts your kill.
You see here a +0 long sword.
The orc priest invokes the aid of Beogh against you.
You barely resist.
The orc priest invokes the aid of Beogh against you.
Pain shoots through your body!
You see here a +0 long sword.
The orc priest calls down the wrath of Beogh upon you.
Beogh smites you!
* * * LOW HITPOINT WARNING * * *
You barely miss the orc priest. You headbutt the orc priest.
The orc priest is moderately wounded.
The orc priest hits you with a +0 club.
* * * LOW HITPOINT WARNING * * *
You hit the orc priest.
The orc priest is severely wounded.
You hit the orc but do no damage. The orc priest closely misses you.
You furiously retaliate!
You headbutt the orc priest!
You kill the orc priest!
Trog accepts your kill. The orc hits you with a +0 war axe.
You die...

# ######### #.
#.......#
#.##.......#
..........#
#......# ♣#
#......# ♣.. #
#..)...#♣... ..
#.#..@...#....
...##.#..)o.....#
....#...........#.
..P≈≈............
≈≈≈P≈.........##.
≈♣≈≈P........#
♣♣≈P........#
♣♣≈........#
♣P≈≈.......#


You could see an orc.

Vanquished Creatures
  A water moccasin skeleton (D:4)
  An orc priest (D:4)
  An iguana (D:4)
  An adder (D:2)
  An adder skeleton (D:4)
  2 worms (D:2)
  2 dart slugs
  2 orcs (D:4)
  2 bats
  6 endoplasms
  2 giant cockroaches (D:2)
  3 goblins
  5 hobgoblins
  10 kobolds
  7 quokkas
  5 ball pythons
  5 frilled lizards
  4 rats
60 creatures vanquished.

Vanquished Creatures (others)
  10 plants (D:4)
10 creatures vanquished.

Grand Total: 70 creatures vanquished

Notes
Turn   | Place    | Note
-------+----------+-------------------------------------------
     0 | D:1      | muata the Minotaur Berserker began the quest for the Orb.
     0 | D:1      | Reached XP level 1. HP: 19/19 MP: 0/0
    99 | D:1      | Reached XP level 2. HP: 17/27 MP: 1/1
   682 | D:1      | Found a faded altar of an unknown god.
   774 | D:1      | Reached ** piety under Trog
  1035 | D:2      | Reached XP level 3. HP: 34/34 MP: 2/2
  2225 | D:3      | Found a glowing silver altar of Zin.
  2430 | D:3      | Found a hazy altar of Hepliaklqana.
  2517 | D:3      | Reached XP level 4. HP: 41/41 MP: 3/3
  3195 | D:4      | Reached skill level 5 in Fighting
  3195 | D:4      | Reached skill level 5 in Axes
  3418 | D:4      | Reached XP level 5. HP: 27/49 MP: 4/4
  3425 | D:4      | HP: 1/49 [orc priest (5)]
  3426 | D:4      | Slain by an orc

Illustrated notes

Levels and vault maps discovered:
D:1:      amcnicky_arrival_feature_with_door, layout_basic,
          hellmonk_ecumenical_altar_arch_garden, st_stairs_12, moated_statue
D:2:      layout_loops_corners, lemuel_flame_loot_1
D:3:      layout_basic, worldfamousw_hep_ancestral_shrine, zin_statuary,
          minmay_hedge_maze, kennysheep_big_empty_room, roderic_roman_lattice
D:4:      layout_basic, mainiacjoe_overflow_six_doors_small,
          nicolae_tso_besieged_by_evil, kennysheep_nub, serial_bayou_pond_c,
          lexackson_kobold_supper, uniq_blork_the_orc, uniq_robin

Skill      XL: |  1  2  3  4 |
---------------+-------------+-----
Fighting       | 4 5 |  5.6
Axes           | 4 5 |  5.6
Armour         | |  2.4
Dodging        | |  2.1

Action                   |  1- 3 |  4- 6 || total
-------------------------+-------+-------++-------
Melee: Hand axe          |    94 |    40 ||   134
       Headbutt          |    13 |    11 ||    24
Throw: Javelin           |       |     1 ||     1
Armor: Animal skin       |    10 |       ||    10
       Chain mail        |    37 |    25 ||    62
Dodge: Dodged            |    63 |    13 ||    76

Table legend: (Time is in decaauts)
 A = Elapsed time spent in this place.
 B = Non-inter-level travel time spent in this place.
 C = Inter-level travel time spent in this place.
 D = Time resting spent in this place.
 E = Time spent auto-exploring this place.
 F = Levels seen in this place.
 G = Mean time per level.
                   A        B        C        D        E       F      G
               +--------+--------+--------+--------+--------+-----+--------+
         Total |   3438 |   3317 |    121 |    141 |   2744 |   4 |  859.5 |
       Dungeon |   3438 |   3317 |    121 |    141 |   2744 |   4 |  859.5 |
               +--------+--------+--------+--------+--------+-----+--------+

Top non-repeatable levels by time:
     D:2: 1147 daAuts
     D:1: 1033 daAuts
     D:3: 1008 daAuts
     D:4: 250 daAuts
